 Dungeon Crawl Stone Soup version 0.26-a0-86-gd5eb6995ac (webtiles) character file.

Game seed: 14455247515494416096

1552014 bmfx the Acrobat (level 27, 156/156 HPs)
             Began as a Spriggan Gladiator on June 21, 2020.
             Was a High Priest of Okawaru.
             Escaped with the Orb
             ... and 3 runes!
             The game lasted 04:56:22 (106170 turns).

bmfx the Acrobat (Spriggan Gladiator)             Turns: 106170, Time: 04:56:22

Health: 156/156    AC: 27    Str: 29    XL:     27
Magic:  36/36      EV: 36    Int: 11    God:    Okawaru [*****.]
Gold:   11885      SH:  0    Dex: 20    Spells: 37/50 levels left

rFire    + + .     SeeInvis +   a - +9 triple crossbow (venom)
rCold    + . .     Gourm    .   (shield currently unavailable)
rNeg     + + .     Faith    +   u - +6 pearl dragon scales
rPois    .         Spirit   +   n - +2 hat of the Bear Spirit {Spirit, +Rage rN+ MR++}
rElec    .         Reflect  .   U - scarf {rC+ rF+}
rCorr    .         Harm     .   (gloves unavailable)
MR       +++++     Rnd*Rage +   (boots unavailable)
Stlth    ++........             q - amulet of faith
HPRegen  0.36/turn              N - +6 ring of strength
MPRegen  0.25/turn              F - +6 ring of strength

@: very quick
A: very small, unfitting armour, see invisible, berserk 2, dopey 1, fire
resistance 1, herbivore, speed 3, low mp 1, mutation resistance 1, slow
metabolism 2
0: Orb of Zot
}: 3/15 runes: decaying, serpentine, silver
a: Heroism, Finesse, Renounce Religion, Evoke Berserk Rage


You escaped.
You worshipped Okawaru.
Okawaru was extremely pleased with you.
You were completely stuffed.

You visited 11 branches of the dungeon, and saw 53 of its levels.
You visited 1 bazaar.
You also visited: Ice Cave and Wizlab.

You collected 17304 gold pieces.
You spent 5419 gold pieces at shops.


Innate Abilities, Weirdness & Mutations

You are very small and have problems with some larger weapons.
You are too small for most types of armour.
You have supernaturally acute eyesight. (SInv)
You are a herbivore.
You cover ground extremely quickly.
You need to consume almost no food.
You often lose your temper in combat.
You are dopey. (Int -2)
Your flesh is heat resistant. (rF+)
Your magical capacity is low. (-10% MP)
You are somewhat resistant to further mutation.

Dungeon Overview and Level Annotations

Branches:
Dungeon (15/15)            Temple (1/1) D:4            Lair (6/6) D:9
  Swamp (4/4) Lair:4        Snake (4/4) Lair:2        Slime (0/5) Lair:5
    Orc (2/2) D:11            Elf (3/3) Orc:2        Vaults (5/5) D:14
  Crypt (3/3) Vaults:2       Tomb (0/3) Crypt:3      Depths (5/5) D:15
    Zot (5/5) Depths:5      IceCv (visited)          WizLab (visited)

Altars:
Ashenzari
Cheibriados
Dithmenos
Elyvilon
Fedhas
Gozag
Hepliaklqana
Kikubaaqudgha
Makhleb
Nemelex Xobeh
Okawaru
Qazlal
Ru
Sif Muna
Trog
Uskayaw
Vehumet
Wu Jian
Xom
Yredelemnul
Zin
The Shining One
Beogh
Jiyva

Shops:
D:6 :   Orc:2 *(([*   Elf:1 }=}   Elf:2 ?   Vaults:1 ?   Vaults:2 (
Vaults:3 =   Depths:1 (   Depths:4 [

Portals:
Hell: Depths:1 Depths:2 Depths:3 Depths:4 Depths:5
Abyss: Depths:2 Depths:4
Pandemonium: Depths:3 Depths:4
Ziggurat: Depths:5

Annotations:
Orc:2 2 runed translucent doors, exclusion: orange crystal statue
Zot:1 2 transporters


   Skills:
 - Level 20.0 Fighting
   Level 10.0 Short Blades
 - Level 22.0 Crossbows
 - Level 4.0 Throwing
 * Level 21.4 Armour
 - Level 24.0 Dodging
 - Level 12.0 Stealth
   Level 6.2 Shields
 - Level 12.0 Spellcasting
 - Level 6.0 Transmutations
 - Level 8.0 Earth Magic
 - Level 15.0 Invocations
 - Level 21.0 Evocations


You had 37 spell levels left.
You knew the following spells:

 Your Spells              Type           Power        Failure   Level  Hunger
b - Blink                 Tloc           N/A          26%         2    None
w - Passwall              Tmut/Erth      ###.....     1%          2    None
A - Petrify               Tmut/Erth      ###.....     10%         4    ###....
B - Lee's Rapid Deconstr  Erth           ###.......   19%         5    #####..

Your spell library contained the following spells:

 Spells                   Type           Power        Failure   Level  Hunger
 Beastly Appendage        Tmut           ###...       1%          1    None
 Sandblast                Erth           ###...       1%          1    None
 Sticks to Snakes         Tmut           ###.....     2%          2    None
 Sting                    Tmut/Pois      ##..         4%          1    None
 Stone Arrow              Conj/Erth      ###...       10%         3    #......
 Spider Form              Tmut/Pois      ##........   16%         3    #......
 Apportation              Tloc           #.....       17%         1    None
 Freeze                   Ice            #...         17%         1    None
 Infusion                 Chrm           #...         17%         1    None
 Magic Dart               Conj           #...         17%         1    None
 Pain                     Necr           #...         17%         1    None
 Shock                    Conj/Air       #...         17%         1    None
 Summon Butterflies       Summ           #.......     17%         1    None
 Ignite Poison            Fire/Tmut/Pois ##......     22%         3    #......
 Call Imp                 Summ           #.......     26%         2    None
 Ensorcelled Hibernation  Hex/Ice        #.....       26%         2    None
 Poisonous Vapours        Pois/Air       #.....       26%         2    None
 Searing Ray              Conj           #.....       26%         2    None
 Shroud of Golubria       Chrm/Tloc      #.....       26%         2    None
 Slow                     Hex            #.......     26%         2    None
 Song of Slaying          Chrm           #.......     26%         2    None
 Swiftness                Chrm/Air       #.......     26%         2    None
 Leda's Liquefaction      Hex/Erth       ###.......   32%         4    ###....
 Blade Hands              Tmut           ###.......   38%         5    #####..
 Conjure Flame            Conj/Fire      #.......     45%         3    #......
 Dazzling Flash           Conj/Hex       #.....       45%         3    #......
 Gell's Gravitas          Tloc           #.........   45%         3    #......
 Lesser Beckoning         Tloc           #.........   45%         3    #......
 Mephitic Cloud           Conj/Pois/Air  #.......     45%         3    #......
 Ozocubu's Armour         Chrm/Ice       #.......     45%         3    #......
 Portal Projectile        Hex/Tloc       #.....       45%         3    #......
 Recall                   Summ/Tloc      N/A          45%         3    #......
 Spectral Weapon          Hex/Chrm       #.......     45%         3    #......
 Static Discharge         Conj/Air       #.......     45%         3    #......
 Teleport Other           Tloc           #.......     45%         3    #......
 Tukima's Dance           Hex            #.......     45%         3    #......
 Vampiric Draining        Necr           #.........   45%         3    #......
 Ice Form                 Ice/Tmut       ##......     45%         4    ###....
 Borgnjor's Vile Clutch   Necr/Erth      ###.......   67%         5    #####..
 Alistair's Intoxication  Tmut/Pois      ##......     80%         5    #####..
 Statue Form              Tmut/Erth      ###......    83%         6    ######.
 Airstrike                Air            #.........   86%         4    ###....
 Animate Dead             Necr           N/A          86%         4    ###....
 Dispel Undead            Necr           #.......     86%         4    ###....
 Fulminant Prism          Conj/Hex       #.........   86%         4    ###....
 Hailstorm                Conj/Ice       #.......     86%         4    ###....
 Iskenderun's Mystic Bla  Conj/Tloc      #.......     86%         4    ###....
 Olgreb's Toxic Radiance  Pois           #.......     86%         4    ###....
 Summon Ice Beast         Ice/Summ       #.......     86%         4    ###....
 Summon Lightning Spire   Summ/Air       #.......     86%         4    ###....
 Bolt of Magma            Conj/Fire/Erth ##........   86%         5    #####..
 Fireball                 Conj/Fire      #.........   99%         5    #####..
 Lightning Bolt           Conj/Air       #.........   99%         5    #####..
 Metabolic Englaciation   Hex/Ice        #.........   99%         5    #####..
 Silence                  Hex/Air        #.........   99%         5    #####..
 Iron Shot                Conj/Erth      ###.......   99%         6    ######.
 Conjure Ball Lightning   Conj/Air       #.........   100%        6    ######.
 Darkness                 Hex            #.........   100%        6    ######.
 Death Channel            Necr           #.........   100%        6    ######.
 Dispersal                Tloc           #.........   100%        6    ######.
 Freezing Cloud           Conj/Ice/Air   #.........   100%        6    ######.
 Invisibility             Hex            #.......     100%        6    ######.
 Shadow Creatures         Summ           N/A          100%        6    ######.
 Simulacrum               Ice/Necr       #.........   100%        6    ######.
 Starburst                Conj/Fire      #.........   100%        6    ######.
 Haunt                    Necr/Summ      #.........   100%        7    #######
 Malign Gateway           Summ/Tloc      #.........   100%        7    #######
 Monstrous Menagerie      Summ           #.........   100%        7    #######
 Ring of Flames           Chrm/Fire      #.........   100%        7    #######
 Summon Greater Demon     Summ           #.........   100%        7    #######
 Borgnjor's Revivificati  Necr           #.........   100%        8    #######
 Chain Lightning          Conj/Air       #.........   100%        8    #######
 Controlled Blink         Tloc           N/A          100%        8    #######
 Death's Door             Chrm/Necr      #.........   100%        8    #######
 Disjunction              Tloc           #.........   100%        8    #######
 Ignition                 Fire           #.........   100%        8    #######
 Infestation              Necr           #.........   100%        8    #######
 Lehudib's Crystal Spear  Conj/Erth      ###.......   100%        8    #######
 Necromutation            Tmut/Necr      ##........   100%        8    #######
 Summon Horrible Things   Summ           #.........   100%        8    #######
 Absolute Zero            Ice            #.........   100%        9    #######
 Fire Storm               Conj/Fire      #.........   100%        9    #######
 Shatter                  Erth           ###.......   100%        9    #######
 Tornado                  Air            #.........   100%        9    #######
 Passage of Golubria      Tloc           Unusable     N/A         4    N/A

Action                   |  1- 3 |  4- 6 |  7- 9 | 10-12 | 13-15 | 16-18 | 19-21 | 22-24 | 25-27 || total
-------------------------+-------+-------+-------+-------+-------+-------+-------+-------+-------++-------
Melee: Dagger            |    65 |    98 |   290 |   818 |  1387 |   713 |       |       |       ||  3371
       Rapier            |     5 |       |       |       |       |       |       |       |       ||     5
 Fire: Heavy crossbow    |       |       |       |       |       |  1059 |  1210 |  1366 |   643 ||  4278
       Triple crossbow   |       |       |       |       |       |       |       |    31 |  1343 ||  1374
Throw: Stone             |    26 |     8 |    14 |    33 |       |       |       |       |       ||    81
       Throwing net      |     2 |       |       |       |       |       |       |       |       ||     2
       Dart              |    14 |   120 |    48 |   143 |   109 |       |       |       |       ||   434
       Boomerang         |       |     2 |    59 |    24 |    81 |   180 |       |       |       ||   346
 Cast: Passwall          |       |       |    10 |    26 |    23 |     7 |       |       |       ||    66
       Petrify           |       |       |       |     5 |    33 |    10 |       |       |       ||    48
       Lee's Rapid Decon |       |       |       |       |     8 |       |       |       |       ||     8
Invok: Draw Destruction  |       |       |    19 |    44 |    38 |    15 |       |       |       ||   116
       Draw Summoning    |       |       |     3 |     7 |    15 |     6 |       |       |       ||    31
       Stack Five        |       |       |       |     1 |       |       |       |       |       ||     1
       Triple Draw       |       |       |       |       |     1 |       |       |       |       ||     1
       Deal Four         |       |       |       |       |     1 |       |       |       |       ||     1
       Heroism           |       |       |       |       |       |    28 |    49 |    39 |    49 ||   165
       Finesse           |       |       |       |       |       |     3 |    12 |    15 |    30 ||    60
Evoke: Wand              |       |       |     1 |    12 |    27 |    29 |       |     2 |    22 ||    93
       Lightning rod     |       |       |       |       |    10 |     9 |       |     4 |       ||    23
       Tin of tremorston |       |       |       |       |     3 |     4 |    10 |    12 |    19 ||    48
  Use: Scroll            |     6 |     2 |    10 |     7 |     7 |    13 |    16 |    15 |    25 ||   101
       Potion            |       |       |       |       |     2 |     4 |     1 |     2 |    22 ||    31
 Stab: Sleeping          |     6 |     4 |    23 |    48 |    27 |     6 |       |       |       ||   114
       Distracted        |       |       |     3 |     1 |     1 |     1 |       |       |       ||     6
       Invisible         |       |       |       |     4 |     2 |       |       |       |       ||     6
       Confused          |       |       |       |     2 |       |       |       |       |       ||     2
       Petrified         |       |       |       |     1 |    11 |     3 |       |       |       ||    15
       Paralysed         |       |       |       |       |     5 |     5 |       |       |       ||    10
       Petrifying        |       |       |       |       |     1 |     2 |       |       |       ||     3
  Eat: Ration            |       |     1 |     2 |     7 |    10 |    21 |    12 |     6 |    14 ||    73
Armor: Robe              |     2 |     6 |     4 |       |       |       |       |       |       ||    12
       Acid dragon scale |       |       |    25 |    42 |   112 |    28 |       |       |       ||   207
       Swamp dragon scal |       |       |       |       |       |   103 |       |       |       ||   103
       Pearl dragon scal |       |       |       |       |       |    14 |   187 |   253 |   107 ||   561
       Gold dragon scale |       |       |       |       |       |       |       |       |   193 ||   193
       Fire dragon scale |       |       |       |       |       |       |       |       |    10 ||    10
Dodge: Dodged            |    49 |    69 |   176 |   501 |   722 |  1232 |   965 |  1115 |  1046 ||  5875
Block: Buckler           |       |       |       |       |   201 |   200 |       |       |       ||   401
       Reflection        |       |       |       |       |     9 |     3 |       |       |       ||    12
       Other             |       |       |       |       |       |    19 |       |       |       ||    19

Skill      XL: |  1  2  3  4  5  6  7  8  9 10 11 12 13 14 15 16 17 18 19 20 21 22 23 24 25 26 27 |
---------------+----------------------------------------------------------------------------------+-----
Stealth        | 1 2 3 4 5 6 8 11 12 | 12.0
Dodging        | 5 6 7 8 11 12 13 15 16 18 20 21 23 24 | 24.0
Short Blades   | 4 5 7 8 10 | 10.0
Throwing       | 3 4 |  4.0
Fighting       | 2 3 8 9 10 11 15 16 20 | 20.0
Invocations    | 2 5 6 9 10 15 | 15.0
Spellcasting   | 1 4 5 6 8 12 | 12.0
Earth Magic    | 4 5 6 8 |  8.0
Transmutations | 2 6 |  6.0
Shields        | 6 |  6.2
Evocations     | 10 15 18 21 | 21.0
Crossbows      | 10 15 18 20 22 | 22.0
Armour         | 5 7 10 12 13 14 21 | 21.4

Inventory:

Hand Weapons
 a - a +9 triple crossbow of venom (weapon)
 b - the +7 triple crossbow "Inorat Megg" {god gift, speed, +Inv +Fly}
   (Okawaru gifted it to you on level 5 of the Realm of Zot)

   Attacks with this weapon are significantly faster.
   It lets you turn invisible.
   It lets you fly.
 w - the +9 heavy crossbow "Sniper" {vorpal, Acc+∞ SInv}
   (You bought it in a shop on level 2 of the Orcish Mines)

   Any bolt fired from it inflicts extra damage.
   It lets you see invisible.
Missiles
 d - 10 throwing nets {!f}
 t - 1837 bolts (quivered)
 T - 5 curare-tipped darts
Armour
 n - the +2 hat of the Bear Spirit (worn) {Spirit, +Rage rN+ MR++}
   (You found it on level 3 of the Elven Halls)

   It protects you from negative energy.
   It affects your resistance to hostile enchantments.
   It lets you go berserk.
 u - +6 pearl dragon scales (worn)
 P - +0 gold dragon scales
 U - a scarf of resistance (worn)
Jewellery
 c - the ring "Wuose" {Fire *Slow rElec MR+ Stlth+}
   (You found it on level 3 of the Elven Halls)

   [ring of fire]

   It enhances your fire magic.
   It protects you from fire.
   It makes you vulnerable to cold.
   It insulates you from electricity.
   It affects your resistance to hostile enchantments.
   It may slow you when you take damage.
   It makes you more stealthy.
 q - an amulet of faith (around neck)
 y - an uncursed ring of protection from fire
 F - a +6 ring of strength (right hand)
 J - the ring "Ygrum" {rPois rC++ MP+9 Str-2 SInv}
   (You acquired it on level 3 of the Vaults)

   [ring of magical power]

   It affects your strength (-2).
   It greatly protects you from cold.
   It protects you from poison.
   It affects your magic capacity (+9).
   It lets you see invisible.
 N - a +6 ring of strength (left hand)
 O - an uncursed ring of resist corrosion
 R - a +4 ring of protection
Wands
 h - a wand of digging (11)
 l - a wand of enslavement (13)
 x - a wand of acid (20)
 B - a wand of iceblast (23)
 H - a wand of paralysis (26)
 S - a wand of polymorph (40)
 X - a wand of clouds (2)
Scrolls
 m - 6 scrolls of blinking {@r2}
 p - 21 scrolls of remove curse {@r4}
 s - 35 scrolls of teleportation {@r1}
 v - 11 scrolls of fear
 C - a scroll of silence
 I - a scroll of magic mapping
 K - 33 scrolls of identify {@r3}
 W - 8 scrolls of fog
 Z - 2 scrolls of summoning
Potions
 g - 15 potions of flight
 i - 5 potions of haste {@q4}
 j - 5 potions of cancellation
 k - 2 potions of ambrosia
 o - 8 potions of curing {@q2}
 r - 10 potions of heal wounds {@q1}
 z - 5 potions of mutation
 A - 4 potions of stabbing
 D - 10 potions of might
 E - 5 potions of magic
 L - 2 potions of resistance
 M - 4 potions of berserk rage
Miscellaneous
 e - 4 boxes of beasts
 G - a phial of floods
 Q - a lightning rod (4/4)
 V - a tin of tremorstones (3/3)
 Y - 5 phantom mirrors
Comestibles
 f - 70 rations

#...'.....#
#.#
#.8.#.....#
#.#
#...#....##
#.#
#...#....#
#.#
######.###
#.. #####'#
#.# #.....#
#.# #.....#
#.# #.@##.#
### #.....#
#.....#
#######


There were no monsters in sight!

Vanquished Creatures
  Mara (Vaults:4)
  4 ancient liches
  Mennas (Crypt:1)
  6 orbs of fire
  3 juggernauts
  Boris (5 times) (Crypt:3 Vaults:4 Depths:4 Depths:5 Vaults:5)
  The ghost of Waros the Metallomancer, a veteran GrEE of Ashenzari (Vaults:4)
  the Lernaean hydra (Swamp:4)
  Frederick (Crypt:3)
  Bai Suzhen (Vaults:3)
  2 curse toes
  4 Killer Klowns (Zot:5)
  Xtahua (Vaults:3)
  Nikola (Vaults:1)
  Jory (Vaults:2)
  15 golden dragons
  5 electric golems
  The ghost of Nybbakke the Tortoise, an adept MiFi of Gozag (Vaults:4)
  The ghost of Foutwah the Black Belt, an adept MfTm of Cheibriados (Vaults:4)
  2 bone dragons
  The ghost of Vileos the Cardsharp, an adept DsGl of Nemelex Xobeh (Vaults:4)
  The ghost of Kuifeh the Executioner, an adept MiBe of Trog (Vaults:4)
  21 tentacled monstrosities
  25 Orb Guardians (Zot:5)
  6 quicksilver dragons
  3 deep elf blademasters
  4 deep elf master archers (Elf:3)
  4 liches
  A moon troll (WizLab)
  The ghost of Coavywaa the Brawler, an adept VSGl of Cheibriados (Elf:2)
  8 titans
  An Executioner (Vaults:2)
  Gastronok (D:9)
  4 sphinxes
  8 death cobs
  2 ancient champions
  Kirke (Lair:6)
  5 tentacled starspawn (WizLab)
  6 thorn hunters
  10 tengu reavers
  7 shadow dragons
  21 storm dragons
  The ghost of slayr the Warrior, a journeyman MiGl of Wu Jian (Orc:2)
  4 revenants (Crypt:1)
  8 nagarajas
  6 draconian monks
  Donald (Snake:3)
  13 frost giants
  6 fire giants
  A balrug (Depths:1)
  6 draconian knights
  An orc warlord (Orc:2)
  6 deep elf sorcerers
  10 vault wardens
  An iron dragon (Vaults:5)
  Aizul (Snake:1)
  2 draconian scorchers (Zot:3)
  7 ghost moths
  3 cacodemons
  4 draconian shifters
  A caustic shrike zombie (Depths:2)
  7 spriggan defenders
  4 draconian stormcallers
  9 deep elf elementalists
  A curse skull (Crypt:1)
  10 draconian annihilators
  7 ghouls
  6 war gargoyles
  10 ironheart preservers
  An entropy weaver (Vaults:4)
  8 vampire knights
  37 very ugly things
  31 stone giants
  Nessos (Lair:6)
  A caustic shrike skeleton (Depths:2)
  3 starcursed masses (WizLab)
  7 black draconians
  11 yellow draconians
  4 purple draconians
  6 deep elf demonologists
  Azrael (Snake:1)
  A dire elephant (D:15)
  14 green draconians
  Snorg (D:10)
  11 white draconians
  6 red draconians
  9 deep elf annihilators
  7 spark wasps
  A quicksilver dragon zombie (Depths:1)
  3 eidola
  19 ettins
  9 fire dragons
  12 deep elf death magi
  10 deep elf high priests
  24 great orbs of eyes
  11 jiangshi
  3 crystal guardians (Crypt:3)
  The ghost of Stelteck the Geomancer, a journeyman GrEE of Sif Muna (Lair:3)
  19 yaktaur captains
  A juggernaut simulacrum (Depths:1)
  12 naga warriors
  A hell beast (Depths:3)
  5 spriggan air magi
  6 rakshasas
  27 hydras
  Harold (D:11)
  14 ice dragons
  8 alligators
  37 vault guards
  A ghost crab (Swamp:4)
  Erica (D:9)
  5 shambling mangroves
  33 dancing weapons
  A catoblepas (Lair:6)
  13 centaur warriors
  2 death knights
  4 anacondas
  6 vampire magi
  9 deep troll shamans
  39 two-headed ogres
  2 death yaks (Lair:6)
  12 ogre magi
  3 orc high priests
  6 tengu warriors
  2 titan zombies (Crypt:3)
  10 spriggan berserkers
  14 naga sharpshooters
  A shock serpent (shapeshifter) (Vaults:5)
  4 deep troll earth magi
  A small abomination (Vaults:2)
  2 soul eaters (Crypt:2)
  23 hell knights
  19 deep elf knights
  2 sun demons (Depths:1)
  A titan skeleton (Crypt:3)
  2 wretched stars (WizLab)
  Sonja (D:12)
  A fire crab (Lair:6)
  3 shock serpents (Snake:2)
  3 iron trolls
  A shadow wraith (Crypt:2)
  An unseen horror (shapeshifter) (Vaults:1)
  A sixfirhy (Depths:5)
  6 glowing orange brains
  5 salamander mystics
  34 skeletal warriors
  20 deep trolls
  A golden dragon zombie (Crypt:3)
  A spark wasp zombie (Depths:1)
  8 unseen horrors
  A death drake (Zot:2)
  18 swamp dragons
  3 spriggan druids (Swamp:4)
  A sea snake (Snake:4)
  10 ironbrand convokers
  6 flayed ghosts
  An obsidian statue (Elf:2)
  13 phantasmal warriors
  An anaconda zombie (Crypt:3)
  4 naga ritualists
  17 deep elf archers
  20 necromancers
  2 orange crystal statues
  A shadow dragon zombie (Crypt:3)
  8 harpies
  59 deep elf magi
  5 wizards
  3 sphinx zombies
  61 ugly things
  6 lindwurms
  15 orc knights
  9 mana vipers
  3 orc sorcerers
  A wolf spider zombie (Crypt:3)
  6 wolf spiders
  2 cyclopes
  A manticore (D:15)
  16 salamanders
  3 human zombies
  A cyclops (shapeshifter) (Vaults:5)
  A frost giant zombie (Crypt:3)
  2 stone giant skeletons
  17 elephants
  A centaur zombie (D:12)
  2 rust devils (Depths:3)
  5 guardian serpents
  21 moths of wrath
  An iron dragon skeleton (Crypt:2)
  A guardian serpent (shapeshifter) (Depths:3)
  An elephant (shapeshifter) (Vaults:4)
  A torpor snail (shapeshifter) (Vaults:5)
  12 naga magi
  2 fire giant skeletons
  16 vault sentinels
  A spriggan skeleton (Depths:2)
  3 orange demons
  Maggie (D:6)
  40 black mambas
  4 eyes of devastation (WizLab)
  A rime drake (Lair:4)
  5 gargoyles
  2 pale draconian zombies
  6 spiny frogs
  A catoblepas zombie (Crypt:3)
  4 komodo dragons
  A hellwing (Depths:3)
  A grey draconian zombie (Crypt:1)
  40 yaktaurs
  6 tengu conjurers
  6 trolls
  7 freezing wraiths
  A green draconian skeleton (Crypt:2)
  A yellow draconian skeleton (Crypt:2)
  3 ice devils
  3 meliai (D:14)
  A red devil (IceCv)
  3 hornets (shapeshifter)
  3 polar bears (Lair:1)
  10 tyrant leeches
  A snapping turtle (shapeshifter) (Vaults:4)
  A raiju (shapeshifter) (Vaults:3)
  28 hornets
  9 blink frogs
  A hydra skeleton (Crypt:3)
  A fire dragon zombie (Depths:1)
  9 bog bodies
  65 slime creatures
  A spriggan zombie (Depths:1)
  8 hippogriffs
  6 large abominations (Elf:1)
  A meliai zombie (D:15)
  A fire giant simulacrum (Depths:1)
  A dream sheep (Snake:4)
  2 centaur simulacra (D:14)
  2 ettin zombies
  41 flying skulls
  Sigmund (D:3)
  6 shadows
  A fire dragon skeleton (Crypt:2)
  4 air elementals
  2 ettin skeletons
  A redback (Vaults:4)
  A spriggan (shapeshifter) (Vaults:3)
  12 wraiths
  A wyvern (Lair:6)
  A yak (shapeshifter) (Depths:2)
  21 spriggans
  A tarantella (shapeshifter) (D:14)
  31 yaks
  3 black mamba skeletons
  A fire bat (shapeshifter) (Depths:2)
  6 fire elementals
  A golden eye (shapeshifter) (Vaults:5)
  11 water elementals
  A steam dragon (D:6)
  3 basilisks
  3 spectral komodo dragons (Lair:3)
  26 vampire mosquitoes
  A hog (shapeshifter) (Depths:2)
  3 hungry ghosts
  2 chaos spawn (Depths:4)
  19 swamp worms
  8 insubstantial wisps
  A deep troll zombie (Crypt:2)
  6 acid dragons
  71 nagas
  3 soldier ants
  A soldier ant (shapeshifter) (Depths:2)
  4 hell hounds
  A floating eye (shapeshifter) (Depths:4)
  8 wargs
  A floating eye (Depths:2)
  5 porcupines
  11 water moccasins
  A deep troll skeleton (Crypt:1)
  12 swamp drakes
  46 orc warriors
  13 ice beasts
  4 slaves
  3 black bears
  A black bear (shapeshifter) (D:15)
  3 sky beasts
  An ice beast (shapeshifter) (Vaults:4)
  8 necrophages
  2 phantoms
  2 swamp dragon zombies
  12 boggarts
  40 ogres
  14 wolves
  15 centaurs
  A swamp dragon skeleton (Crypt:2)
  13 crocodiles
  A rime drake skeleton (Crypt:1)
  5 big kobolds
  12 bullfrogs
  2 elf zombies (Elf:1)
  A fire crab zombie (Crypt:2)
  A gnoll sergeant (D:11)
  2 yaktaur skeletons
  A wyvern zombie (D:12)
  2 earth elementals (Elf:2)
  A wyvern skeleton (D:9)
  7 scorpions
  A polar bear zombie (Crypt:2)
  3 human simulacra
  7 killer bees
  An orc simulacrum (Vaults:1)
  18 wights
  2 electric eels
  2 howler monkeys (D:8)
  11 crimson imps
  2 komodo dragon simulacra (Lair:3)
  3 bullfrog zombies
  7 jellies
  22 orc wizards
  A hound (shapeshifter) (Vaults:3)
  A quasit (D:7)
  A yaktaur simulacrum (Depths:1)
  20 orc priests
  7 hounds
  2 iron imps (Depths:3)
  5 bullfrog skeletons
  3 centaur skeletons
  An iguana (D:4)
  17 worker ants
  A porcupine skeleton (Crypt:1)
  An ogre zombie (Crypt:1)
  A tengu skeleton (Crypt:2)
  A hound skeleton (D:4)
  A howler monkey zombie (D:5)
  A worker ant zombie (D:5)
  13 gnolls
  16 adders
  6 shadow imps
  A white imp (Depths:3)
  3 adder skeletons
  An adder zombie (D:8)
  4 worms
  A dart slug (D:1)
  2 leopard geckos
  102 orcs
  3 ball pythons
  A bat zombie (Crypt:2)
  5 giant cockroaches
  8 goblins
  4 hobgoblins
  7 jackals
  4 quokkas
  A ball python (shapeshifter) (Vaults:5)
  A ball python zombie (D:5)
  7 bats
  6 frilled lizards
  A gnoll skeleton (Crypt:1)
  A jackal skeleton (D:5)
  20 kobolds
  2 kobold zombies
  A leopard gecko zombie (D:7)
  A quokka zombie (D:7)
  9 rats
  5 fungi
  2 plants
  7 starspawn tentacles (WizLab)
2631 creatures vanquished.

Vanquished Creatures (collateral kills)
  Rupert (D:13)
  A storm dragon (Zot:1)
  A red draconian (Zot:3)
  4 death yaks (Lair:6)
  A deep troll shaman (Lair:6)
  3 ugly things
  A manticore (D:13)
  A moth of wrath (Zot:3)
  2 cyclopes
  An elephant (Lair:6)
  A black mamba (Lair:6)
  An efreet (D:15)
  An ice devil (IceCv)
  A polar bear (Lair:6)
  A shadow (D:15)
  A vampire (D:9)
  4 hungry ghosts
  A wyvern (D:9)
  2 orc warriors
  A black bear (Lair:6)
  A wolf (Lair:2)
31 creatures vanquished.

Vanquished Creatures (others)
  An ice dragon (Depths:4)
  A deep elf mage (Elf:2)
  A black mamba (Snake:1)
  2 slime creatures
  An air elemental (Elf:2)
  A redback (Lair:1)
  A water elemental (Elf:2)
  A human (Lair:6)
  An orc warrior (Elf:3)
  A swamp drake (shapeshifter) (Lair:1)
  A dart slug (Orc:2)
  2 briar patches (Swamp:4)
  4 demonic plants (WizLab)
  27 fungi
  13 plants
  5 starspawn tentacles (WizLab)
63 creatures vanquished.

Grand Total: 2725 creatures vanquished

Levels and vault maps discovered:
D:1:      dpeg_arrival_rooms_b, layout_basic, minivault_23,
          minmay_misc_feat_doors
D:2:      layout_loops_ring, lemuel_round_altar, minmay_liquid_box, bloody_trog
D:3:      layout_basic, amethyst_killhole, uniq_sigmund
D:4:      layout_basic, temple_green
D:5:      layout_layer_cave, first_ration, fedhas_ov_isle_minmay
D:6:      minmay_opposing_rooms, layout_gridville, serial_shops, shop_fountains,
          uniq_maggie, uniq_pikel
D:7:      layout_basic
D:8:      layout_gridville
D:9:      kennysheep_big_flooded_room, layout_long_grid, lair_entry_dummy,
          grunt_pizzeria, chequers_serial_rivers_micro_b,
          nicolae_straight_to_the_point, uniq_gastronok, uniq_erica
D:10:     layout_long_grid, water_maze_lemuel, uniq_snorg
D:11:     layout_roguey, david_orc_3, serial_shops, shop,
          gauntlet_entry_generic, minivault_16, moated_statue
D:12:     minmay_four_partial_circles, layout_basic,
          nicolae_dithmenos_shadow_blocks, uniq_sonja
D:13:     layout_irregular_city, hangedman_decor_lopped, roderic_lattice_a,
          uniq_rupert
D:14:     layout_roguey, lightli_vaults_fourway_checkpoint,
          hangedman_abyss_or_decor_passed
D:15:     hangedman_depths_entry_try_elsewhere_first, layout_small_grid,
          tso_metal_star, minmay_misc_feat_hallway
Temple:   roderic_octagonal_lattice_temple
Lair:1:   layout_small_grid, beast_lair_carwin_10
Lair:2:   layout_regular_city, dummy_snake_entry, grunt_megastairs_4
Lair:3:   beast_lair_carwin_large_2, layout_gridlike,
          gammafunk_ghost_necromancy, enter_volcano_2
Lair:4:   layout_layer_cave, swamp_mist_pool, minivault_11,
          small_statue_intersection
Lair:5:   layout_hall_layers, slime_altar_1, portal_ice_cave_entry_ice_beasts,
          chequers_serial_rivers_small_3, grunt_megastairs_2, lemuel_fruit_tree
Lair:6:   grunt_lair_end_beastmaster, layout_regular_city, uniq_kirke,
          uniq_nessos
Swamp:1:  layout_basic_swamp, infiniplex_staircase_pool, swamp_pool2,
          hangedman_swamp_blocks, st_swamp_ruins_2
Swamp:2:  layout_falls_marsh, hangedman_swamp_diagram, swamp_pool1
Swamp:3:  layout_basic_swamp, nicolae_swamp_rocky_clearing
Swamp:4:  swamp_alternative, layout_basic_swamp, swamp_pool1
Snake:1:  layout_misc_corridors, serial_bayou_pond_e, grunt_ministairs_15,
          uniq_josephine, uniq_azrael, uniq_aizul
Snake:2:  layout_onion, nicolae_snake_round_shape_thing, grunt_ministairs_11,
          drop_trap, serial_bayou_shore_b
Snake:3:  layout_basic, statue_in_the_mist_lemuel, uniq_donald
Snake:4:  minmay_snake_end_coiled, layout_layer_cave, grunt_ministairs_2
Orc:1:    layout_diamond_mine, uniq_harold
Orc:2:    grunt_orc_community_town_hall, layout_caves,
          grunt_orc_community_big_house_2, grunt_orc_community_big_house_1,
          grunt_orc_community_house_1, grunt_orc_community_house_3,
          grunt_orc_community_house_2, grunt_orc_community_house_1,
          ebering_ghost_gozag, chequers_guarded_unrand_ignorance
Elf:1:    eino_elf_arrival_sip, layout_gridlike, minmay_elf_necromancy,
          serial_sigils_hangedman_shear, minmay_shop_grove, grunt_megastairs_5
Elf:2:    layout_gridlike, ebering_ghost_gozag, serial_shops, shop,
          guppyfry_elf_garden
Elf:3:    minmay_elf_hall_hex, layout_rooms
Vaults:1: nicolae_vaults_little_squares_4, nicolae_vaults_back_hallway,
          v_alt_pattern_2, nicolae_vaults_stairing_the_circle, vaults_mumra_hex,
          v_misc_30, nicolae_vaults_little_ls, vaults_room_grid,
          vaults_room_semicircle, layout_vaults_omnigrid, serial_shops,
          nicolae_shop_competitors_out_of_business, uniq_nikola
Vaults:2: v_rooms_2, minmay_crypt_entry_simple_box,
          ontoclasm_vaults_ring_square, vaults_room_pools,
          nicolae_vaults_circle_grid_b, v_rooms_5, v_misc_27,
          nicolae_vaults_yaktaur_gun_rack, hangedman_vaults_locks,
          vaults_standard_mumra_lines, nicolae_vaults_theta,
          nicolae_vaults_little_squares_4, nicolae_vaults_asterisk,
          layout_vaults_omnicross, serial_shops, shop, uniq_jory
Vaults:3: nicolae_vaults_network_s, vaults_mumra_hexcomb, hangedman_vaults_trim,
          vaults_standard_mumra_x, v_alt_pattern_2, vaults_room_corners,
          vaults_room_fancy_cross, nicolae_vaults_fighting_squares,
          ontoclasm_vaults_ring_square, vaults_room_octagon,
          nicolae_vaults_asterisk, nicolae_vaults_gold_heap,
          nicolae_vaults_diagonal_hallway_7, layout_vaults_ring, serial_shops,
          nicolae_shop_stone, uniq_bai_suzhen, uniq_xtahua, uniq_margery
Vaults:4: gammafunk_vaults_ghost_cemetery, st_greater_box_3,
          hangedman_vaults_snaps, vaults_room_corners,
          nicolae_vaults_little_squares_1, v_misc_9, grunt_vaults_twisty,
          ontoclasm_vaults_decontamination, grunt_vaults_hallway_long,
          vaults_dpeg_ring, layout_vaults_big_room, serial_shops, statue_bzr,
          uniq_mara
Vaults:5: serial_shops
Crypt:1:  layout_basic, grunt_crypt_arrival_split, uniq_mennas
Crypt:2:  layout_rooms
Crypt:3:  cryptofortress_bobbens, uniq_boris, uniq_frederick
Depths:1: layout_cave_pools, hangedman_abyss_or_decor_slice, lightli_too_deep,
          serial_shops, nicolae_shop_trees, kennysheep_generic_room_11
Depths:2: minmay_the_grid_four_pointed_star
          [minmay_the_grid_triangle_9x9_odd_lines,
          minmay_the_grid_triangle_9x9_dagger,
          minmay_the_grid_triangle_9x9_cache,
          minmay_the_grid_triangle_9x9_zippers_vertical,
          minmay_the_grid_prize_shrinking_boxes], layout_gridville, abyss_entry,
          pf_coc_iceberg, kennysheep_donut
Depths:3: kennysheep_treasure_stockpile, layout_long_grid,
          grunt_pan_entry_zigzag, grunt_hell_entry_dis_old, hex_medium,
          serial_shops, nicolae_shop_stone
Depths:4: lemuel_firewalk_3, layout_long_grid, hangedman_tar_grid_catacomb,
          rand_demon_pan_entry_3, serial_shops, nicolae_shop_stone, abyss_entry,
          infiniplex_staircase_diamond, kennysheep_random_hallway
Depths:5: grunt_zot_entry_pinwheel, layout_cave_pools, enter_ziggurat_b,
          hell_entry, serial_sigils, serial_sigils_hangedman_gut,
          serial_sigils_hangedman_stare, serial_sigils_hangedman_snap,
          serial_sigils_hangedman_shear, serial_sigils_hangedman_shear,
          serial_sigils_hangedman_quiver, mu_enter_wizlab_1,
          infiniplex_staircase_pool_lava
Zot:1:    gammafunk_the_bubble [the_bubble_gammafunk_crates],
          layout_cellular_growth
Zot:2:    layout_cathedral_of_symmetry, lemuel_elevator
Zot:3:    layout_misc_corridors, hangedman_zot_wheel_spokes,
          st_large_dragon_hoard_3
Zot:4:    kennysheep_ambush_hall, layout_misc_corridors
Zot:5:    layout_twisted_circle, skrybe_zot_glass_2


Message History

There is an open door here.
There is an open door here.
There is a stone staircase leading up here.
You climb upwards.
There is a stone staircase leading down here.
There is a stone staircase leading up here.
You climb upwards.
There is a stone staircase leading down here.
There is a stone staircase leading up here.
You climb upwards.
There is a stone staircase leading down here.
There is an open door here.
There is an escape hatch in the ceiling here.
A mysterious force pulls you upwards. The hatch slams shut behind you.
There is a stone staircase leading up here.
You climb upwards.
There is a stone staircase leading down here.
There is an open door here.
There is a staircase leading out of the dungeon here.
You have escaped!

Notes
Turn   | Place    | Note
-------+----------+-------------------------------------------
     0 | D:1      | bmfx the Spriggan Gladiator began the quest for the Orb.
     0 | D:1      | Reached XP level 1. HP: 10/10 MP: 2/2
   119 | D:1      | Reached skill level 1 in Stealth
   167 | D:1      | Reached XP level 2. HP: 14/14 MP: 3/3
   757 | D:2      | Found a bloodstained altar of Trog.
   800 | D:2      | Reached XP level 3. HP: 16/18 MP: 4/4
  1060 | D:2      | Reached skill level 5 in Dodging
  1113 | D:2      | Found an opulent altar of Gozag.
  1498 | D:3      | Reached XP level 4. HP: 22/22 MP: 5/5
  1982 | D:3      | Noticed Sigmund
  2063 | D:4      | Reached XP level 5. HP: 26/26 MP: 6/6
  2218 | D:4      | Reached skill level 6 in Dodging
  2295 | D:4      | Reached XP level 6. HP: 31/31 MP: 7/7
  2562 | D:4      | Found a staircase to the Ecumenical Temple.
  2568 | Temple   | Entered the Ecumenical Temple
  2771 | Temple   | Became a worshipper of Nemelex Xobeh the Trickster
  3384 | D:4      | Reached skill level 5 in Stealth
  4013 | D:5      | Entered Level 5 of the Dungeon
  4015 | D:5      | Received a gift from Nemelex Xobeh
  4030 | D:5      | Noticed a hungry ghost
  4047 | D:5      | Reached skill level 7 in Dodging
  4047 | D:5      | Reached XP level 7. HP: 36/36 MP: 8/8
  4178 | D:5      | Found a blossoming altar of Fedhas.
  4362 | D:5      | Received a gift from Nemelex Xobeh
  4480 | D:5      | Reached * piety under Nemelex Xobeh
  4612 | D:5      | Received a gift from Nemelex Xobeh
  5046 | D:6      | Reached skill level 1 in Invocations
  5057 | D:6      | Received a gift from Nemelex Xobeh
  5105 | D:6      | Reached skill level 5 in Short Blades
  5151 | D:6      | Noticed a steam dragon
  5396 | D:6      | Learned a level 2 spell: Passwall
  5573 | D:6      | Noticed Pikel
  5581 | D:6      | Noticed Pikel
  5581 | D:6      | Pikel changed into Pikel the sky beast
  5589 | D:6      | Killed Pikel the sky beast
  5589 | D:6      | Reached skill level 1 in Spellcasting
  5589 | D:6      | Reached XP level 8. HP: 30/40 MP: 10/10
  5617 | D:6      | Found Ocio's Book Emporium.
  5654 | D:6      | Reached skill level 1 in Earth Magic
  5711 | D:6      | Noticed Maggie
  5725 | D:6      | Killed Maggie
  6179 | D:7      | Reached ** piety under Nemelex Xobeh
  6729 | D:7      | Reached skill level 5 in Invocations
  6896 | D:7      | Noticed a hippogriff
  6962 | D:7      | Killed a hippogriff
  6962 | D:7      | Reached XP level 9. HP: 44/44 MP: 16/16
  7402 | D:8      | Received a gift from Nemelex Xobeh
  7912 | D:8      | Learned a level 4 spell: Petrify
  7964 | D:8      | Received a gift from Nemelex Xobeh
  8084 | D:8      | Reached skill level 8 in Dodging
  8084 | D:8      | Reached skill level 1 in Transmutations
  8366 | D:8      | Reached *** piety under Nemelex Xobeh
  8628 | D:8      | Noticed a two-headed ogre
  8638 | D:8      | Killed a two-headed ogre
  8638 | D:8      | Reached skill level 5 in Spellcasting
  8923 | D:8      | Reached skill level 5 in Earth Magic
  9195 | D:3      | Killed Sigmund
  9260 | D:5      | Reached XP level 10. HP: 40/49 MP: 19/19
  9786 | D:9      | Noticed Gastronok
 10067 | D:9      | Noticed Erica
 10181 | D:9      | Received a gift from Nemelex Xobeh
 10429 | D:9      | Found a staircase to the Lair.
 10738 | D:9      | Noticed a cyclops
 10759 | D:9      | Killed a cyclops
 11099 | D:9      | Killed Erica
 11099 | D:9      | Reached skill level 9 in Dodging
 11262 | D:9      | Reached skill level 10 in Stealth
 11390 | D:9      | Reached skill level 10 in Dodging
 11803 | D:10     | Entered Level 10 of the Dungeon
 12236 | D:10     | Received a gift from Nemelex Xobeh
 12277 | D:10     | Noticed Snorg
 12306 | D:10     | Reached **** piety under Nemelex Xobeh
 12461 | D:10     | Received a gift from Nemelex Xobeh
 12531 | D:10     | Learned a level 2 spell: Blink
 12576 | D:10     | Reached skill level 11 in Dodging
 12585 | D:10     | Reached XP level 11. HP: 52/52 MP: 18/21
 12660 | D:10     | Noticed a two-headed ogre
 12669 | D:10     | Killed a two-headed ogre
 12764 | D:10     | Received a gift from Nemelex Xobeh
 13342 | D:11     | Noticed a two-headed ogre
 13342 | D:11     | Noticed an unseen horror
 13347 | D:11     | Killed a two-headed ogre
 13351 | D:11     | Killed an unseen horror
 13457 | D:11     | Reached skill level 12 in Dodging
 13482 | D:11     | Found Vaaqodghor's Food Emporium.
 13535 | D:11     | Noticed an unseen horror
 13546 | D:11     | Received a gift from Nemelex Xobeh
 13547 | D:11     | Found a staircase to the Orcish Mines.
 13548 | D:11     | Killed an unseen horror
 13746 | D:11     | Reached ***** piety under Nemelex Xobeh
 13751 | D:11     | Noticed a two-headed ogre
 13992 | D:11     | Noticed an unseen horror
 13999 | D:11     | Killed an unseen horror
 14347 | Lair:1   | Entered Level 1 of the Lair of Beasts
 14357 | Lair:1   | Noticed a harpy
 14357 | Lair:1   | a spiny frog changed into a harpy
 14359 | Lair:1   | Killed a harpy
 14360 | Lair:1   | Noticed a four-headed hydra
 14394 | Lair:1   | Received a gift from Nemelex Xobeh
 14581 | Lair:1   | Noticed an entropy weaver
 14581 | Lair:1   | a four-headed hydra changed into an entropy weaver
 14582 | Lair:1   | Noticed a lindwurm
 14582 | Lair:1   | an entropy weaver changed into a lindwurm
 14585 | Lair:1   | Killed a lindwurm
 14819 | Lair:1   | Received a gift from Nemelex Xobeh
 15054 | Lair:1   | Received a gift from Nemelex Xobeh
 15353 | Lair:2   | Reached XP level 12. HP: 56/56 MP: 25/25
 15591 | Lair:2   | Noticed a seven-headed hydra
 15597 | Lair:2   | You fall into a shaft and drop 1 floor!
 15604 | Lair:3   | Reached skill level 10 in Invocations
 15627 | Lair:2   | Received a gift from Nemelex Xobeh
 16469 | Lair:2   | Reached ****** piety under Nemelex Xobeh
 16469 | Lair:2   | Received a gift from Nemelex Xobeh
 16654 | Lair:2   | Found a staircase to the Snake Pit.
 17335 | Lair:3   | Received a gift from Nemelex Xobeh
 17503 | Lair:3   | Found a runed translucent gate.
 17503 | Lair:3   | Found a runed translucent gate.
 17503 | Lair:3   | Found a runed translucent gate.
 17522 | Lair:3   | Noticed Stelteck's ghost (journeyman GrEE)
 17738 | Lair:3   | Noticed a four-headed hydra
 17740 | Lair:3   | Noticed a great orb of eyes
 17740 | Lair:3   | a four-headed hydra changed into a great orb of eyes
 17744 | Lair:3   | Killed a great orb of eyes
 17744 | Lair:3   | Reached skill level 10 in Short Blades
 18070 | Lair:3   | Reached skill level 5 in Transmutations
 18316 | Lair:3   | Received a gift from Nemelex Xobeh
 18824 | Lair:4   | Received a gift from Nemelex Xobeh
 18870 | Lair:4   | Found a staircase to the Swamp.
 18960 | Lair:4   | Reached skill level 10 in Spellcasting
 19084 | Lair:4   | Received a gift from Nemelex Xobeh
 19696 | Lair:4   | Received a gift from Nemelex Xobeh
 20169 | Lair:5   | Found a frozen archway.
 20235 | Lair:5   | Reached XP level 13. HP: 49/60 MP: 30/30
 20245 | IceCv    | Entered an ice cave
 20397 | Lair:5   | Found a viscous altar of Jiyva.
 20397 | Lair:5   | Found a staircase to the Slime Pits.
 20682 | Lair:5   | Received a gift from Nemelex Xobeh
 21025 | Lair:6   | Entered Level 6 of the Lair of Beasts
 21380 | Lair:6   | Received a gift from Nemelex Xobeh
 21710 | Lair:6   | Reached skill level 5 in Fighting
 23150 | Lair:6   | Received a gift from Nemelex Xobeh
 23185 | Lair:6   | Noticed Kirke
 23192 | Lair:6   | Killed Kirke
 23846 | Lair:6   | Noticed Nessos
 24129 | Lair:6   | Reached skill level 13 in Dodging
 24340 | Lair:6   | Identified a scroll of acquirement
 24687 | Lair:2   | Reached XP level 14. HP: 73/73 MP: 31/31
 24787 | D:10     | Killed Snorg
 24830 | D:12     | Received a gift from Nemelex Xobeh
 24910 | D:12     | Noticed Sonja
 24990 | D:12     | Found a shadowy altar of Dithmenos.
 25051 | D:12     | Reached skill level 14 in Dodging
 25277 | D:12     | Received a gift from Nemelex Xobeh
 25291 | D:12     | Learned a level 5 spell: Lee's Rapid Deconstruction
 25854 | D:12     | Reached skill level 15 in Dodging
 25857 | D:12     | Reached skill level 1 in Shields
 26659 | D:13     | Received a gift from Nemelex Xobeh
 27466 | D:13     | Noticed Rupert
 27481 | D:13     | Killed Rupert
 27518 | D:13     | Reached XP level 15. HP: 77/77 MP: 32/32
 28624 | D:14     | Reached skill level 5 in Evocations
 29583 | D:14     | Found a gate to the Vaults.
 29768 | D:14     | You fall into a shaft and drop 1 floor!
 29768 | D:15     | Entered Level 15 of the Dungeon
 29835 | D:15     | Identified the Compendium of Feathers
 29961 | D:14     | Reached skill level 10 in Evocations
 30727 | D:15     | Found a staircase to the Depths.
 31144 | D:15     | Received a gift from Nemelex Xobeh
 31610 | D:9      | Killed Gastronok
 31610 | D:9      | Reached skill level 16 in Dodging
 31953 | D:9      | Found a staircase to the Lair.
 32452 | Orc:1    | Entered Level 1 of the Orcish Mines
 32726 | Orc:1    | Reached XP level 16. HP: 81/81 MP: 33/33
 32915 | Orc:1    | Noticed Harold
 32981 | D:11     | Killed Harold
 33429 | Orc:2    | Entered Level 2 of the Orcish Mines
 33429 | Orc:2    | Found a runed translucent door.
 33429 | Orc:2    | Found a staircase to the Elven Halls.
 33889 | Orc:1    | Reached skill level 17 in Dodging
 34270 | Orc:2    | Found a roughly hewn altar of Beogh.
 34278 | Orc:2    | Found Nomealo's Antique Weapon Boutique.
 34334 | Orc:2    | Found the +10 tower shield of Ignorance {rN+ Int-4}
 34811 | Orc:2    | Received a gift from Nemelex Xobeh
 34815 | Orc:2    | Found a roughly hewn altar of Beogh.
 34815 | Orc:2    | Found a runed translucent door.
 35176 | Orc:2    | Received a gift from Nemelex Xobeh
 35450 | Orc:2    | Found Lytom's Antique Weapon Shop.
 35468 | Orc:2    | Found a roughly hewn altar of Beogh.
 35484 | Orc:2    | Reached skill level 18 in Dodging
 35498 | Orc:2    | Found Damanous's Antique Armour Boutique.
 35509 | Orc:2    | Bought an ichor-stained rapier for 261 gold pieces
 35509 | Orc:2    | Identified the cursed +3 rapier "Ogrebane" {vorpal, rElec
                  | Str+8 SInv Stlth-} (You bought it in a shop on level 2 of
                  | the Orcish Mines)
 35563 | Orc:2    | Found a roughly hewn altar of Beogh.
 35565 | Orc:2    | Found Muqo's General Store.
 35575 | Orc:2    | Bought a ration for 65 gold pieces
 35575 | Orc:2    | Bought a ration for 65 gold pieces
 35575 | Orc:2    | Bought a ration for 65 gold pieces
 35663 | Orc:2    | Found a runed translucent gate.
 35663 | Orc:2    | Found a runed translucent gate.
 35663 | Orc:2    | Found a runed translucent gate.
 35664 | Orc:2    | Found an opulent altar of Gozag.
 35689 | Orc:2    | Found a roughly hewn altar of Beogh.
 35727 | Orc:2    | Received a gift from Nemelex Xobeh
 35758 | Orc:2    | Found Ewotaqumo's Assorted Antiques.
 35759 | Orc:2    | Noticed slayr's ghost (journeyman MiGl)
 35908 | Orc:2    | Identified the +0 long sword of the Bespelling Viper
                  | {vorpal, Str-5 Int+5}
 35946 | Orc:2    | Killed slayr's ghost
 35995 | Orc:2    | Bought a shimmering cloak for 266 gold pieces
 36005 | Orc:2    | Identified the +2 cloak of Winter {rF- Dex+5 SInv} (You
                  | bought it in a shop on level 2 of the Orcish Mines)
 36016 | Orc:2    | Bought a potion of heal wounds for 140 gold pieces
 36084 | Orc:2    | Bought the +9 heavy crossbow "Sniper" {vorpal, Acc+∞ SInv}
                  | for 1851 gold pieces
 36084 | Orc:2    | Found the +9 heavy crossbow "Sniper" {vorpal, Acc+∞ SInv}
 37254 | D:11     | Reached skill level 1 in Crossbows
 37737 | Lair:6   | Killed Nessos
 38298 | D:12     | Found a shadowy altar of Dithmenos.
 38301 | D:12     | Killed Sonja
 38615 | D:15     | Found a glowing golden altar of the Shining One.
 38787 | D:14     | Reached skill level 5 in Crossbows
 40448 | Swamp:1  | Entered Level 1 of the Swamp
 40587 | Snake:1  | Entered Level 1 of the Snake Pit
 41060 | Snake:1  | Noticed Josephine
 41063 | Snake:1  | Noticed Josephine
 41063 | Snake:1  | Josephine changed into Josephine the elephant
 41086 | Lair:2   | Killed Josephine the elephant
 41465 | Snake:1  | Noticed Aizul
 41512 | Snake:1  | Killed Aizul
 41894 | Snake:1  | Noticed Azrael
 42005 | Elf:1    | Entered Level 1 of the Elven Halls
 42005 | Elf:1    | Received a gift from Nemelex Xobeh
 42118 | Elf:1    | Reached skill level 10 in Crossbows
 42329 | Temple   | Fell from the grace of Nemelex Xobeh
 42329 | Temple   | Became a worshipper of Warmaster Okawaru
 42554 | Elf:1    | Found Lazxis's Gadget Shop.
 42555 | Elf:1    | Found Uditsy's Jewellery Emporium.
 42556 | Elf:1    | Found Tynajaul's Gadget Shop.
 42884 | Elf:1    | Reached XP level 17. HP: 81/86 MP: 31/34
 43062 | Elf:1    | Reached * piety under Okawaru
 43143 | Elf:1    | Identified Jarphoqer's Volume of Dark Arts
 43754 | Elf:2    | Reached ** piety under Okawaru
 43755 | Elf:2    | Found a runed translucent gate.
 43757 | Elf:2    | Found a runed translucent gate.
 43758 | Elf:2    | Found a runed translucent gate.
 44488 | Elf:2    | Found Paaplayt's Magic Scroll Shoppe.
 44536 | Elf:2    | Noticed a deep elf blademaster
 44543 | Elf:2    | Killed a deep elf blademaster
 44701 | Elf:2    | Reached *** piety under Okawaru
 45034 | Elf:2    | Found a runed translucent gate.
 45034 | Elf:2    | Found a runed translucent gate.
 45039 | Elf:2    | Found a runed translucent gate.
 45039 | Elf:2    | Found an opulent altar of Gozag.
 45042 | Elf:2    | Noticed Coavywaa's ghost (adept VSGl)
 45277 | Elf:3    | Entered Level 3 of the Elven Halls
 45585 | Elf:3    | Received a gift from Okawaru
 46034 | Swamp:1  | Reached **** piety under Okawaru
 46066 | Swamp:1  | Received a gift from Okawaru
 46075 | Swamp:1  | XOM: silly message
 47692 | Swamp:2  | Reached skill level 15 in Crossbows
 48397 | Swamp:3  | Received a gift from Okawaru
 48685 | Swamp:3  | Reached XP level 18. HP: 76/91 MP: 28/35
 48689 | Swamp:3  | Reached ***** piety under Okawaru
 49314 | Swamp:4  | Entered Level 4 of the Swamp
 49769 | Snake:1  | Killed Azrael
 49793 | Snake:1  | Received a gift from Okawaru
 50651 | Snake:2  | Received a gift from Okawaru
 51267 | Snake:3  | Received a gift from Okawaru
 51665 | Snake:3  | Noticed Donald
 51671 | Snake:3  | Killed Donald
 52716 | Snake:4  | Entered Level 4 of the Snake Pit
 54046 | Snake:4  | Received a gift from Okawaru
 54877 | Snake:4  | Received a gift from Okawaru
 55022 | Snake:4  | Reached XP level 19. HP: 89/96 MP: 36/36
 55675 | Snake:4  | Got a serpentine rune of Zot
 55952 | Elf:2    | Bought a scroll of enchant armour for 157 gold pieces
 55952 | Elf:2    | Bought a scroll of enchant armour for 157 gold pieces
 55952 | Elf:2    | Bought a scroll of enchant armour for 157 gold pieces
 56114 | Vaults:1 | Entered Level 1 of the Vaults
 56611 | Vaults:1 | Reached skill level 10 in Fighting
 56979 | Vaults:1 | Noticed Nikola
 56989 | Vaults:1 | Killed Nikola
 57796 | Vaults:1 | Received a gift from Okawaru
 58309 | Vaults:1 | Found Quim's Magic Scroll Boutique.
 58314 | Vaults:1 | Bought a scroll of enchant armour for 97 gold pieces
 58314 | Vaults:1 | Bought a scroll of fear for 45 gold pieces
 58685 | Vaults:1 | Reached skill level 1 in Armour
 59342 | Vaults:2 | Received a gift from Okawaru
 59888 | Vaults:2 | Identified the +6 arbalest of Melee {flame, rF+ Str+3 Dex-2
                  | Stlth+} (You found it on level 2 of the Vaults)
 59967 | Vaults:2 | Received a gift from Okawaru
 60017 | Vaults:2 | Reached skill level 5 in Armour
 60206 | Vaults:2 | Received a gift from Okawaru
 60293 | Vaults:2 | Reached XP level 20. HP: 98/102 MP: 37/37
 60578 | Vaults:2 | Noticed Jory
 60599 | Vaults:2 | Killed Jory
 60926 | Vaults:2 | Found a staircase to the Crypt.
 61089 | Vaults:2 | Was forgiven by Nemelex Xobeh
 61472 | Vaults:3 | Received a gift from Okawaru
 62220 | Vaults:3 | Identified the +5 scimitar of a volcano {flame, rElec Str+7
                  | Dex-5}
 62397 | Vaults:3 | Got the ring "Ygrum" {rPois rC++ MP+9 Str-2 SInv}
 62465 | Vaults:3 | Noticed Bai Suzhen
 62883 | Vaults:3 | Noticed Xtahua
 63158 | Vaults:2 | Gained mutation: You are clumsy. (Dex -2) [a cacodemon]
 63291 | Vaults:2 | Found Lassoymm's Weapon Shop.
 63332 | Vaults:2 | Found Lassoymm's Weapon Shop.
 63502 | Vaults:2 | Found a staircase to the Crypt.
 63888 | D:11     | Bought a ration for 65 gold pieces
 63888 | D:11     | Bought a ration for 65 gold pieces
 63888 | D:11     | Bought a ration for 65 gold pieces
 63888 | D:11     | Bought a ration for 65 gold pieces
 63888 | D:11     | Bought a ration for 65 gold pieces
 63888 | D:11     | Bought a ration for 65 gold pieces
 63888 | D:11     | Bought a ration for 65 gold pieces
 63888 | D:11     | Bought a ration for 65 gold pieces
 63888 | D:11     | Bought a ration for 65 gold pieces
 63888 | D:11     | Bought a ration for 65 gold pieces
 64579 | Elf:3    | Received a gift from Okawaru
 65251 | Elf:3    | Received a gift from Okawaru
 65251 | Elf:3    | Reached XP level 21. HP: 81/107 MP: 26/38
 65754 | Elf:3    | Identified the cursed +0 robe of the King of Pentacles
                  | {rCorr Str+4}
 65784 | Elf:3    | Received a gift from Okawaru
 65858 | Elf:3    | Received a gift from Okawaru
 65983 | Elf:3    | Got a clouded lapis lazuli ring
 65984 | Elf:3    | Identified the ring "Wuose" {Fire *Slow rElec MR+ Stlth+}
                  | (You found it on level 3 of the Elven Halls)
 66063 | Elf:3    | Found the +2 hat of the Bear Spirit {Spirit, +Rage rN+
                  | MR++}
 66079 | Elf:3    | Found the +6 lightning scales {run, rElec}
 66153 | Elf:3    | Identified the cursed +1 dagger "Raghuoso" {speed, Fragile
                  | Int+4 Dex+2} (You found it on level 3 of the Elven Halls)
 66422 | Crypt:1  | Entered Level 1 of the Crypt
 66515 | Crypt:1  | You fall into a shaft and drop 1 floor!
 66638 | Crypt:1  | Reached skill level 10 in Armour
 66920 | Crypt:1  | Received a gift from Okawaru
 67038 | Crypt:1  | Noticed Mennas
 67046 | Crypt:1  | Killed Mennas
 67046 | Crypt:1  | Received a gift from Okawaru
 67699 | Crypt:1  | Received a gift from Okawaru
 68083 | Crypt:1  | Reached skill level 19 in Dodging
 68766 | Crypt:2  | Received a gift from Okawaru
 69015 | Crypt:1  | Reached skill level 15 in Evocations
 69238 | Crypt:2  | Received a gift from Okawaru
 69240 | Crypt:2  | Reached skill level 20 in Dodging
 69539 | Crypt:3  | Entered Level 3 of the Crypt
 69619 | Crypt:3  | Received a gift from Okawaru
 69660 | Crypt:3  | Reached XP level 22. HP: 111/111 MP: 33/39
 69661 | Crypt:3  | Noticed Frederick
 69694 | Crypt:3  | Killed Frederick
 69843 | Crypt:3  | Received a gift from Okawaru
 70163 | Crypt:3  | Found an ancient bone altar of Kikubaaqudgha.
 70163 | Crypt:3  | Noticed an ancient lich
 70170 | Crypt:3  | Killed an ancient lich
 70170 | Crypt:3  | Reached skill level 21 in Dodging
 70257 | Crypt:3  | Identified the Volume of Evil Secrets
 70742 | Crypt:3  | Noticed Boris
 70961 | Crypt:3  | Killed Boris
 71034 | Crypt:3  | Found a staircase to the Tomb.
 71434 | Crypt:3  | Identified the Volume of Ice
 72147 | Vaults:4 | Found a runed translucent gate.
 72147 | Vaults:4 | Found a runed translucent gate.
 72147 | Vaults:4 | Found a runed translucent gate.
 72147 | Vaults:4 | Noticed Nybbakke's ghost (adept MiFi)
 72147 | Vaults:4 | Noticed Kuifeh's ghost (adept MiBe)
 72147 | Vaults:4 | Noticed Vileos's ghost (adept DsGl)
 72197 | Vaults:4 | Noticed Mara
 72277 | Vaults:4 | Noticed Boris
 72286 | Vaults:4 | Killed Boris
 72297 | Vaults:4 | Noticed bmfx's illusion
 72298 | Vaults:4 | Killed Mara
 72305 | Vaults:3 | Received a gift from Okawaru
 73070 | Vaults:3 | Killed Xtahua
 73070 | Vaults:3 | Received a gift from Okawaru
 73385 | Vaults:3 | Killed Bai Suzhen
 73448 | Vaults:3 | Received a gift from Okawaru
 73526 | Vaults:3 | Found Yxuen's Jewellery Boutique.
 73541 | Vaults:3 | Bought an uncursed ring of protection from fire for 350
                  | gold pieces
 74246 | Vaults:4 | Noticed Foutwah's ghost (adept MfTm)
 74247 | Vaults:4 | Noticed Waros's ghost (veteran GrEE)
 74492 | Vaults:4 | Received a gift from Okawaru
 74556 | Vaults:4 | Reached XP level 23. HP: 117/118 MP: 40/40
 74732 | Vaults:4 | Received a gift from Okawaru
 74854 | Vaults:4 | Found a gateway to a bazaar.
 74911 | Bazaar   | Entered a bazaar
 74924 | Bazaar   | Found Hiuheux's Distillery.
 74924 | Bazaar   | Found Jorchira's Magic Scroll Emporium.
 74930 | Bazaar   | Bought a potion of invisibility for 104 gold pieces
 74930 | Bazaar   | Bought a potion of magic for 104 gold pieces
 74930 | Bazaar   | Bought a potion of cancellation for 104 gold pieces
 74930 | Bazaar   | Bought a potion of heal wounds for 65 gold pieces
 74942 | Bazaar   | Bought a scroll of fear for 52 gold pieces
 74942 | Bazaar   | Bought a scroll of blinking for 112 gold pieces
 74942 | Bazaar   | Bought a scroll of fear for 52 gold pieces
 74960 | Bazaar   | Found Umehei Hargh's Food Shoppe.
 74960 | Bazaar   | Found Cushrar's Armour Shoppe.
 74966 | Bazaar   | Bought a ration for 50 gold pieces
 74966 | Bazaar   | Bought a ration for 50 gold pieces
 74966 | Bazaar   | Bought a ration for 50 gold pieces
 74966 | Bazaar   | Bought a ration for 50 gold pieces
 74966 | Bazaar   | Bought a ration for 50 gold pieces
 74966 | Bazaar   | Bought a ration for 50 gold pieces
 74966 | Bazaar   | Bought a ration for 50 gold pieces
 74966 | Bazaar   | Bought a ration for 50 gold pieces
 74966 | Bazaar   | Bought a ration for 50 gold pieces
 74966 | Bazaar   | Bought a ration for 50 gold pieces
 75430 | Vaults:4 | Received a gift from Okawaru
 75624 | Vaults:4 | Received a gift from Okawaru
 75677 | Vaults:4 | Received a gift from Okawaru
 75706 | Vaults:4 | Identified the +7 quarterstaff of Afutzua {elec, rN++ Str-2
                  | Dex+3}
 76047 | Vaults:4 | Identified the Handbook of Floating Poison
 76803 | Swamp:3  | Received a gift from Okawaru
 77720 | Swamp:4  | Noticed the 27-headed Lernaean hydra
 77731 | Swamp:4  | Killed the 27-headed Lernaean hydra
 77731 | Swamp:4  | Received a gift from Okawaru
 77931 | Swamp:4  | Got a decaying rune of Zot
 78499 | Lair:3   | Killed Stelteck's ghost
 78747 | Depths:1 | Entered Level 1 of the Depths
 79711 | Depths:1 | Reached skill level 15 in Fighting
 79720 | Depths:1 | Found a gateway to Hell.
 79781 | Depths:1 | Received a gift from Okawaru
 79963 | Depths:1 | Found Xasu's Weapon Shop.
 80207 | Depths:2 | Found a one-way gate to the infinite horrors of the Abyss.
 80243 | Depths:2 | Received a gift from Okawaru
 80246 | Depths:2 | Got a faintly humming robe {god gift}
 80508 | Depths:2 | Reached XP level 24. HP: 121/132 MP: 40/40
 80579 | Depths:2 | Found the +6 Majin-Bo {vamp, Archmagi MP+6 Int+6}
 81124 | Depths:2 | Noticed a juggernaut
 81377 | Depths:2 | Paralysed by a floating eye for 4 turns
 81858 | Depths:2 | Received a gift from Okawaru
 82259 | Depths:2 | Killed a juggernaut
 82259 | Depths:2 | Received a gift from Okawaru
 83393 | Depths:3 | Found a one-way gate leading to the halls of Pandemonium.
 83458 | Depths:3 | Found Reenot's Antique Armour Emporium.
 83718 | Depths:3 | Received a gift from Okawaru
 83889 | Depths:3 | Found a runed translucent gate.
 83889 | Depths:3 | Found a runed translucent gate.
 83889 | Depths:3 | Found a runed translucent gate.
 83896 | Depths:3 | Noticed a juggernaut
 83914 | Depths:3 | Noticed a juggernaut
 83989 | Depths:3 | Found a runed translucent gate.
 83989 | Depths:3 | Found a runed translucent gate.
 83989 | Depths:3 | Found a runed translucent gate.
 84628 | Depths:4 | Received a gift from Okawaru
 84939 | Depths:3 | Reached skill level 15 in Invocations
 84947 | Depths:4 | Reached XP level 25. HP: 134/139 MP: 33/40
 85404 | Depths:4 | Noticed Boris
 85409 | Depths:4 | Killed Boris
 85991 | Depths:4 | Found Jaka's Armour Emporium.
 86708 | Depths:5 | Entered Level 5 of the Depths
 86779 | Depths:5 | Noticed Boris
 86849 | Depths:5 | Received a gift from Okawaru
 86964 | Depths:5 | Reached skill level 22 in Dodging
 87053 | Depths:5 | Found a magical portal.
 87065 | WizLab   | Entered Lehudib's Moon Base
 87094 | WizLab   | Received a gift from Okawaru
 87265 | WizLab   | Received a gift from Okawaru
 87423 | WizLab   | Reached skill level 23 in Dodging
 87861 | WizLab   | Reached XP level 26. HP: 144/144 MP: 28/28
 87898 | WizLab   | Reached skill level 24 in Dodging
 87999 | WizLab   | Found a transporter.
 88065 | WizLab   | Received a gift from Okawaru
 88176 | WizLab   | Found a transporter.
 88597 | WizLab   | Identified the ring "Dugoxtoc" {Wiz Slay+2} (You found it
                  | in a wizard's laboratory)
 88603 | WizLab   | Identified the ring "Kiqupa" {Wiz rPois} (You found it in a
                  | wizard's laboratory)
 88635 | Depths:5 | Received a gift from Okawaru
 88973 | Depths:5 | Received a gift from Okawaru
 89327 | Depths:5 | Found a gateway to a ziggurat.
 89393 | Depths:5 | Killed Boris
 89718 | Depths:5 | Reached XP level 27. HP: 149/149 MP: 40/40
 89889 | Depths:5 | Received a gift from Okawaru
 89952 | Depths:5 | Found a gate to the Realm of Zot.
 90310 | Elf:2    | Killed Coavywaa's ghost
 90702 | Depths:3 | Killed a juggernaut
 90702 | Depths:3 | Received a gift from Okawaru
 90740 | Depths:3 | Reached skill level 15 in Armour
 90743 | Depths:3 | Killed a juggernaut
 90752 | Depths:3 | Received a gift from Okawaru
 90772 | Depths:3 | Identified the +6 dagger "Xaudgh" {god gift, freeze, rC+
                  | MR++ Dex-5} (Okawaru gifted it to you on level 3 of the
                  | Depths)
 90899 | Depths:3 | Identified the amulet of Vosipt {Inacc rElec rC+ Str+2}
                  | (You found it on level 3 of the Depths)
 91299 | Vaults:4 | Killed Kuifeh's ghost
 91301 | Vaults:4 | Killed Foutwah's ghost
 91323 | Vaults:4 | Killed Vileos's ghost
 91342 | Vaults:4 | Killed Waros's ghost
 91356 | Vaults:4 | Killed Nybbakke's ghost
 91494 | Vaults:5 | Entered Level 5 of the Vaults
 91494 | Vaults:5 | Noticed Boris
 91520 | Vaults:5 | Received a gift from Okawaru
 91525 | Vaults:5 | Killed Boris
 91577 | Vaults:5 | Received a gift from Okawaru
 91656 | Vaults:5 | Received a gift from Okawaru
 91769 | Vaults:5 | Received a gift from Okawaru
 92194 | Vaults:5 | Identified the +8 falchion of Wyrd {speed, rC+ Str+2}
 92262 | Vaults:5 | Received a gift from Okawaru
 92377 | Vaults:5 | Found the +8 Wrath of Trog {antimagic, *Rage}
 93080 | Vaults:5 | Got a silver rune of Zot
 94670 | Zot:1    | Entered Level 1 of the Realm of Zot
 94770 | Zot:1    | Received a gift from Okawaru
 95032 | Zot:1    | Found a transporter.
 95045 | Zot:1    | Found a transporter.
 95496 | Zot:1    | Reached ****** piety under Okawaru
 95496 | Zot:1    | Received a gift from Okawaru
 96597 | Zot:2    | Noticed an orb of fire
 97457 | Zot:2    | Received a gift from Okawaru
 97606 | Zot:2    | You fall into a shaft and drop 1 floor!
 97831 | Zot:3    | Received a gift from Okawaru
 98296 | Zot:3    | Noticed an orb of fire
 98304 | Zot:3    | Gained mutation: You tend to lose your temper in combat.
                  | [an orb of fire]
 98306 | Zot:3    | Killed an orb of fire
 98306 | Zot:3    | Received a gift from Okawaru
 98846 | Zot:2    | Gained mutation: You expend magic power (3 MP) to
                  | strengthen your wands. [an orb of fire]
 98847 | Zot:2    | Killed an orb of fire
100050 | Zot:3    | Received a gift from Okawaru
100233 | Zot:3    | Identified the amulet of Nouthr Jumo {Spirit +Fly rPois rN+
                  | Dex-4} (You found it on level 3 of the Realm of Zot)
100873 | Zot:4    | Noticed an orb of fire
100875 | Zot:4    | Gained mutation: You occasionally shout uncontrollably at
                  | your foes. [an orb of fire]
100882 | Zot:4    | Gained mutation: Your body sometimes deteriorates upon
                  | taking damage. [an orb of fire]
100883 | Zot:4    | Killed an orb of fire
102238 | Zot:5    | Entered Level 5 of the Realm of Zot
103293 | Zot:5    | Received a gift from Okawaru
103300 | Zot:5    | Got a fine triple crossbow {god gift}
103301 | Zot:5    | Identified the +7 triple crossbow "Inorat Megg" {god gift,
                  | speed, +Inv +Fly} (Okawaru gifted it to you on level 5 of
                  | the Realm of Zot)
103361 | Zot:5    | Noticed an ancient lich
103369 | Zot:5    | Killed an ancient lich
103390 | Zot:5    | Noticed an orb of fire
103400 | Zot:5    | Noticed an orb of fire
103404 | Zot:5    | Gained mutation: Your magical capacity is low. (-10% MP)
                  | [an orb of fire]
103406 | Zot:5    | Noticed an orb of fire
103407 | Zot:5    | Gained mutation: Your spells are a little easier to cast,
                  | but a little less powerful. [an orb of fire]
103407 | Zot:5    | Noticed an ancient lich
103410 | Zot:5    | Noticed an ancient lich
103701 | Zot:4    | Lost mutation: You occasionally shout uncontrollably at
                  | your foes. [potion of mutation]
103701 | Zot:4    | Lost mutation: You expend magic power (3 MP) to strengthen
                  | your wands. [potion of mutation]
103701 | Zot:4    | Gained mutation: You have large cloven feet. [potion of
                  | mutation]
103804 | Depths:3 | Lost mutation: You have large cloven feet. [potion of
                  | mutation]
103804 | Depths:3 | Lost mutation: Your body sometimes deteriorates upon taking
                  | damage. [potion of mutation]
103804 | Depths:3 | Gained mutation: You are dopey. (Int -2) [potion of
                  | mutation]
103804 | Depths:3 | Gained mutation: You often lose your temper in combat.
                  | [potion of mutation]
103804 | Depths:3 | Gained mutation: Your flesh is heat resistant. (rF+)
                  | [potion of mutation]
103804 | Depths:3 | Gained mutation: You are somewhat resistant to further
                  | mutation. [potion of mutation]
103956 | Zot:5    | Killed an orb of fire
103958 | Zot:5    | Received a gift from Okawaru
103969 | Zot:5    | Killed an orb of fire
103974 | Zot:5    | Killed an ancient lich
103974 | Zot:5    | Received a gift from Okawaru
103978 | Zot:5    | Gained mutation: You are frail. (-10% HP) [an orb of fire]
103985 | Zot:5    | Killed an orb of fire
103985 | Zot:5    | Received a gift from Okawaru
103995 | Zot:5    | Killed an ancient lich
104393 | Zot:5    | Received a gift from Okawaru
105377 | Zot:5    | Lost mutation: Your spells are a little easier to cast, but
                  | a little less powerful. [potion of mutation]
105377 | Zot:5    | Lost mutation: You are frail. (-10% HP) [potion of
                  | mutation]
105650 | Zot:5    | Got the Orb of Zot
105691 | Zot:5    | Noticed Zosifiah the pandemonium lord
105693 | Zot:5    | Lost mutation: You are clumsy. (Dex -2) [a neqoxec]
106170 | D:$      | Escaped with the Orb!
